 Dungeon Crawl Stone Soup version 0.19-a0-746-g995b792 (webtiles) character file.

26170 Ryco the Unseen (level 12, 0/56 HPs)
             Began as a Spriggan Enchanter on June 23, 2016.
             Was a Believer of Ashenzari.
             Killed from afar by edsrzf's ghost (9 damage)
             ... with a magic dart
             ... on level 6 of the Lair of Beasts on June 24, 2016.
             The game lasted 01:06:10 (7246 turns).

Ryco the Unseen (Spriggan Enchanter)                Turns: 7246, Time: 01:06:11

Health: 0/56       AC:  3    Str:  4    XL:     12   Next: 96%
Magic:  22/26      EV: 31    Int: 18    God:    Ashenzari [**....]
Gold:   682        SH:  0    Dex: 20    Spells: 10 memorised, 0 levels left

rFire  . . .     SeeInvis +     a - +2 dagger
rCold  . . .     Gourm    .     R - +1 robe (curse)
rNeg   . . .     Faith    .     (shield restricted)
rPois  +         Spirit   .     (helmet restricted)
rElec  .         Dismiss  .     (no cloak)
rCorr  .         Reflect  .     (gloves unavailable)
SustAt .         Harm     .     (boots unavailable)
MR     ++...                    (no amulet)
Stlth  ++++++++..               D - ring of poison resistance
                                M - +3 ring of slaying (curse)

@: exhausted, slowed, quick, very resistant to hostile enchantments,
extraordinarily stealthy
A: unfitting armour, see invisible, herbivore 3, speed 3, slow metabolism 2
a: Curse Item, Scrying, Renounce Religion


You were on level 6 of the Lair of Beasts.
You worshipped Ashenzari.
Ashenzari was pleased with you.
You were hungry.

You visited 3 branches of the dungeon, and saw 15 of its levels.

You collected 682 gold pieces.

Inventory:

Hand Weapons
 a - a +2 dagger (weapon)
 b - a +0 short sword
Missiles
 y - 66 sling bullets
 z - 12 poisoned needles
 U - 8 needles of sleeping
Armour
 R - a cursed +1 robe (worn)
 S - a +2 buckler
Jewellery
 h - an uncursed ring of fire
 D - a ring of poison resistance (right hand)
 I - an uncursed ring of ice
 M - a cursed +3 ring of slaying (left hand)
Wands
 l - a wand of hasting (1/9)
 r - a wand of lightning (4/15)
 C - a wand of digging (7/24)
 E - a wand of flame (6/48)
 T - a wand of confusion (33/48)
Scrolls
 f - 3 scrolls of magic mapping
 j - 5 scrolls of enchant weapon
 k - a scroll of teleportation {unknown}
 s - a scroll of enchant armour {unknown}
 u - 2 scrolls of amnesia {unknown}
 w - 4 scrolls of remove curse
 A - a scroll of fog {unknown}
 F - a scroll of holy word {unknown}
 G - 2 scrolls of fear {unknown}
 H - 2 scrolls of recharging {unknown}
 L - 3 scrolls of silence {unknown}
 O - a scroll of blinking {unknown}
 Q - a scroll of random uselessness {unknown}
 W - a scroll of immolation {unknown}
Potions
 e - a potion of resistance
 g - 5 potions of curing
 i - 2 potions of magic
 n - 2 potions of haste
 o - 2 potions of might
 p - a potion of invisibility {unknown}
 q - 2 potions of cancellation {unknown}
 t - 3 potions of lignification {unknown}
 v - 3 potions of cure mutation {unknown}
 x - a potion of flight {unknown}
 B - 2 potions of brilliance {unknown}
 N - a potion of beneficial mutation {unknown}
Books
 c - a book of Maledictions

   Spells                             Type                      Level
   a - Corona                         Hexes                        1
   b - Ensorcelled Hibernation        Hexes/Ice                    2
   c - Confuse                        Hexes                        3
   d - Tukima's Dance                 Hexes                        3
   e - Dazzling Spray                 Conjuration/Hexes            3
 P - a book of Minor Magic

   Spells                             Type                      Level
   a - Magic Dart                     Conjuration                  1
   b - Blink                          Translocation                2
   c - Call Imp                       Summoning                    2
   d - Repel Missiles                 Charms/Air                   2
   e - Slow                           Hexes                        2
   f - Conjure Flame                  Conjuration/Fire             3
   g - Mephitic Cloud                 Conjuration/Poison/Air       3
 V - an Akashic Record

   Spells                             Type                      Level
   a - Dispersal                      Translocation                6
   b - Malign Gateway                 Summoning/Translocation      7
   c - Disjunction                    Translocation                8
   d - Controlled Blink               Translocation                8
 X - the Collected Works on Icy Unholy Secrets
   (You found it on level 6 of the Lair of Beasts)

   Spells                             Type                      Level
   a - Freeze                         Ice                          1
   b - Corpse Rot                     Necromancy                   2
   c - Metabolic Englaciation         Hexes/Ice                    5
   d - Freezing Cloud                 Conjuration/Ice/Air          6
   e - Ozocubu's Refrigeration        Ice                          6
Miscellaneous
 K - a crystal ball of energy
Comestibles
 d - 4 bread rations
 J - a fruit


   Skills:
 + Level 3.5 Fighting
 + Level 10.9 Short Blades
 * Level 14.2 Dodging
 - Level 16.2 Stealth
 - Level 9.8 Spellcasting
 * Level 3.2 Conjurations
 - Level 8.3 Hexes
 * Level 2.3 Fire Magic
 - Level 0.7 Ice Magic
 * Level 3.3 Air Magic
 - Level 0.4 Poison Magic
 + Level 1.5 Evocations


You couldn't memorise any spells.
You knew the following spells:

 Your Spells              Type           Power        Failure   Level  Hunger
a - Ensorcelled Hibernat  Hex/Ice        ####..       1%          2    None
b - Blink                 Tloc           N/A          14%         2    None
c - Confuse               Hex            #####...     1%          3    None
d - Dazzling Spray        Conj/Hex       ####..       2%          3    None
e - Controlled Blink      Tloc           N/A          100%        8    #######
r - Repel Missiles        Chrm/Air       ##....       8%          2    None
s - Mephitic Cloud        Conj/Pois/Air  ###.....     12%         3    None
t - Tukima's Dance        Hex            #####...     1%          3    None
x - Conjure Flame         Conj/Fire      ###.....     10%         3    None
z - Corona                Hex            #####..      1%          1    None


Dungeon Overview and Level Annotations

Branches:
Dungeon (8/15)             Temple (1/1) D:4            Lair (6/6) D:8
 Shoals (0/4) Lair:2        Slime (0/5) Lair:5
  Snake: Lair:2-4    Spider: Lair:2-4

Altars:
Ashenzari
Cheibriados
Fedhas
Hepliaklqana
Nemelex Xobeh
Pakellas
Qazlal
Ru
Vehumet
Xom
Yredelemnul
The Shining One
Jiyva

Shops:
D:5 }

Annotations:
Lair:6 edsrzf's ghost, journeyman DgWn


Innate Abilities, Weirdness & Mutations

You are tiny and cannot use many weapons and most armour.
You have supernaturally acute eyesight. (SInv)
You are a herbivore.
You cover ground extremely quickly.
You need consume almost no food.


Message History

Edsrzf's ghost is engulfed in roaring flames.
The dire elephant is engulfed in roaring flames.
Casting: Conjure Flame
Confirm with . or Enter, or press ? or * to list all spells.
Okay, then.
Unknown command.
Press: ? - help, v - describe, . - travel
Here: edsrzf's ghost, wielding a weapon of venom (lightly damaged)
The floor.
Edsrzf's ghost makes a sound of rattling chains.
Edsrzf's ghost points at you and mumbles some strange words.
The orb of energy is repelled.
You feel less protected from missiles.
A water moccasin comes into view.
Edsrzf's ghost gestures at you while chanting.
The magic dart hits you!
* * * LOW HITPOINT WARNING * * *
Edsrzf's ghost gestures at you while chanting.
The magic dart hits you!
You die...

#≈≈≈≈≈≈#.#................#..#%..
#≈≈≈≈≈.#.#...#.PP......⌠.#...#..⌠
##≈≈≈.##.#....#......##.###...#..
*#++####.#....#..S.........#.....
*,,,,##8.#....#.............#.#..
*,,,,#...'÷..P##...............##
*,,,,#.⌠.'÷............r....##...
*,,,,#...'...................##..
**∆∆*##8.#....#.@P##P.##........#
#######.#.###...#######.........
##.†..##.#..###..### #.........
#..†...#.#.r##..Y..# #.P♣≈.....
#..†...#.#♣.#.....## #≈≈≈P≈....
#.....##.#Y.##YW.## #♣≈≈P..##.
##....#P.#{###r..# *,,,≈****,
##'####.##.##....##*****,,,,*,*,,
#...#...#♣.#.#....##.*,,,,,,,,,*,


You could see 2 dire elephants, a water moccasin (wandering), edsrzf's ghost and
2 river rats.

Vanquished Creatures
  Josephine (Lair:4)
  4 hydras
  An anaconda (Lair:6)
  7 death yaks (Lair:5)
  Urug (Lair:4)
  The ghost of kGEAR the Cleaver, a novice MiFi of Okawaru (D:8)
  A griffon (Lair:2)
  A manticore (Lair:2)
  6 elephants
  A black mamba (Lair:2)
  6 spiny frogs
  7 komodo dragons
  2 rime drakes
  A polar bear (Lair:5)
  7 blink frogs
  Sigmund (D:4)
  A spriggan (Lair:4)
  23 yaks
  3 wraiths (Lair:4)
  3 hippogriffs
  7 water moccasins
  3 porcupines
  An orc warrior (D:8)
  A sky beast (D:8)
  An ice beast (D:7)
  A black bear (Lair:4)
  A phantom (D:6)
  An ogre (D:4)
  4 wolves (Lair:6)
  A centaur (D:5)
  6 crocodiles
  4 giant frogs
  The ghost of Ryco the Sneak, an amateur SpEn (D:4)
  A scorpion (D:4)
  7 wights
  A giant frog zombie (D:5)
  3 hounds (D:7)
  A giant frog skeleton (D:7)
  3 iguanas
  2 worker ants
  A hound skeleton (D:6)
  A worker ant zombie (D:6)
  6 gnolls
  5 adders
  7 river rats
  A dart slug (D:4)
  3 giant geckos
  An orc (D:4)
  4 giant cockroaches
  5 goblins
  4 hobgoblins
  11 jackals
  A quokka (D:6)
  3 ball pythons
  15 bats
  A giant gecko skeleton (D:4)
  2 giant newts
  A jackal skeleton (D:8)
  3 kobolds
  2 quokka skeletons (D:4)
  14 rats
  A fungus (D:6)
  3 plants (Lair:6)
223 creatures vanquished.

Vanquished Creatures (others)
  8 fungi
  4 plants
12 creatures vanquished.

Grand Total: 235 creatures vanquished

Notes
Turn   | Place    | Note
--------------------------------------------------------------
     0 | D:1      | Ryco the Spriggan Enchanter began the quest for the Orb.
     0 | D:1      | Reached XP level 1. HP: 9/9 MP: 5/5
   221 | D:1      | Reached XP level 2. HP: 6/13 MP: 6/6
   225 | D:1      | Learned a level 2 spell: Ensorcelled Hibernation
   574 | D:3      | Reached skill level 5 in Stealth
   574 | D:3      | Reached XP level 3. HP: 5/16 MP: 5/8
   579 | D:3      | Learned a level 3 spell: Confuse
   799 | D:2      | Found a hazy altar of Hepliaklqana.
  1105 | D:3      | Reached XP level 4. HP: 21/21 MP: 10/10
  1110 | D:3      | Learned a level 3 spell: Tukima's Dance
  1139 | D:4      | Reached skill level 6 in Stealth
  1192 | D:5      | Entered Level 5 of the Dungeon
  1304 | D:6      | Noticed a giant frog
  1307 | D:6      | Reached XP level 5. HP: 15/24 MP: 5/11
  1321 | D:6      | Reached skill level 7 in Stealth
  1327 | D:6      | Found a stormy altar of Qazlal.
  1402 | D:6      | Noticed a phantom
  1422 | D:6      | Killed a phantom
  1422 | D:6      | Reached XP level 6. HP: 17/28 MP: 6/12
  1663 | D:7      | Noticed an ice beast
  1665 | D:7      | Killed an ice beast
  1665 | D:7      | Reached skill level 8 in Stealth
  1670 | D:7      | Learned a level 3 spell: Dazzling Spray
  2148 | D:4      | Found a staircase to the Ecumenical Temple.
  2161 | Temple   | Entered the Ecumenical Temple
  2197 | Temple   | Became a worshipper of Ashenzari the Shackled
  2348 | D:4      | Found a glowing golden altar of the Shining One.
  2351 | D:4      | Found a basalt altar of Yredelemnul.
  2353 | D:4      | Noticed a profane servitor
  2393 | D:4      | Noticed Sigmund
  2410 | D:4      | Reached XP level 7. HP: 23/32 MP: 10/14
  2426 | D:4      | Killed Sigmund
  2426 | D:4      | Reached skill level 9 in Stealth
  2426 | D:4      | Reached skill level 5 in Hexes
  2441 | D:4      | Noticed Ryco's ghost (amateur SpEn)
  2507 | D:4      | Killed Ryco's ghost
  2507 | D:4      | Reached skill level 5 in Dodging
  2559 | D:5      | Found Ubafe's Gadget Shoppe.
  2718 | D:8      | Noticed kGEAR's ghost (novice MiFi)
  2744 | D:8      | Reached skill level 10 in Stealth
  2744 | D:8      | Reached skill level 5 in Spellcasting
  2744 | D:8      | Reached XP level 8. HP: 29/37 MP: 5/16
  2759 | D:8      | Killed kGEAR's ghost
  2759 | D:8      | Reached skill level 1 in Fighting
  2759 | D:8      | Reached skill level 5 in Short Blades
  2759 | D:8      | Reached skill level 11 in Stealth
  3027 | D:7      | Reached XP level 9. HP: 33/41 MP: 2/18
  3308 | D:8      | Found a staircase to the Lair.
  3343 | Lair:1   | Entered Level 1 of the Lair of Beasts
  3382 | Lair:1   | Reached skill level 12 in Stealth
  3451 | Lair:2   | Noticed a black mamba
  3481 | Lair:2   | Killed a black mamba
  3601 | Lair:2   | Reached skill level 13 in Stealth
  3601 | Lair:2   | Reached XP level 10. HP: 27/45 MP: 6/22
  3682 | Lair:2   | Noticed a griffon
  3683 | Lair:2   | Found a staircase to the Shoals.
  3684 | Lair:2   | Noticed a manticore
  3694 | Lair:2   | Killed a griffon
  3706 | Lair:1   | Noticed a spiny frog
  3710 | Lair:1   | Noticed an eight-headed hydra
  3713 | Lair:1   | Killed a spiny frog
  3749 | Lair:1   | Killed an eight-headed hydra
  3749 | Lair:1   | Reached skill level 14 in Stealth
  3841 | Lair:2   | Noticed a five-headed hydra
  3848 | Lair:2   | Killed a five-headed hydra
  3848 | Lair:2   | Reached skill level 15 in Stealth
  3881 | Lair:2   | Reached * piety under Ashenzari
  3883 | Lair:2   | Reached XP level 11. HP: 45/49 MP: 16/25
  3942 | Lair:3   | Reached skill level 16 in Stealth
  4385 | Lair:3   | Reached skill level 10 in Dodging
  4521 | Lair:4   | Reached ** piety under Ashenzari
  4630 | Lair:4   | Noticed Urug
  4675 | Lair:4   | Killed Urug
  4675 | Lair:4   | Reached skill level 10 in Short Blades
  4680 | Lair:4   | Noticed Josephine
  4705 | Lair:4   | Reached skill level 1 in Evocations
  4753 | Lair:4   | Killed Josephine
  4809 | Lair:4   | Upgraded the game from 0.19-a0-743-ge0d55e4 to 0.19-a0-746-g995b792
  4894 | Lair:5   | Found a viscous altar of Jiyva.
  4894 | Lair:5   | Found a staircase to the Slime Pits.
  4936 | Lair:5   | Reached XP level 12. HP: 50/56 MP: 8/26
  5054 | Lair:5   | Learned a level 2 spell: Blink
  5057 | Lair:5   | Learned a level 2 spell: Repel Missiles
  5061 | Lair:5   | Learned a level 3 spell: Mephitic Cloud
  5070 | Lair:6   | Entered Level 6 of the Lair of Beasts
  5106 | Lair:6   | Noticed a death yak
  5109 | Lair:6   | Noticed a death yak
  5110 | Lair:6   | Noticed a death yak
  5112 | Lair:6   | Noticed edsrzf's ghost (journeyman DgWn)
  5141 | Lair:5   | Noticed a five-headed hydra
  5154 | Lair:5   | Killed a five-headed hydra
  5154 | Lair:5   | Reached skill level 1 in Air Magic
  5162 | Lair:5   | Learned a level 3 spell: Conjure Flame
  5175 | Lair:6   | Noticed a death yak
  5175 | Lair:6   | Noticed a death yak
  5175 | Lair:6   | Noticed a death yak
  5175 | Lair:6   | Noticed a death yak
  5175 | Lair:6   | Noticed a death yak
  5345 | Lair:6   | Noticed a five-headed hydra
  5349 | Lair:6   | Reached skill level 1 in Conjurations
  5381 | Lair:5   | Killed a death yak
  5530 | Lair:5   | Killed a death yak
  5530 | Lair:5   | Reached skill level 1 in Fire Magic
  5570 | Lair:5   | Killed a death yak
  6380 | Lair:5   | Killed a death yak
  6390 | Lair:5   | Killed a death yak
  6440 | Lair:5   | Killed a death yak
  6453 | Lair:5   | Killed a death yak
  6473 | Lair:6   | Killed a five-headed hydra
  6683 | Lair:6   | Learned a level 8 spell: Controlled Blink
  6970 | Lair:6   | Identified the Collected Works on Icy Unholy Secrets
  7175 | Lair:6   | Noticed an anaconda
  7203 | Lair:6   | Killed an anaconda
  7203 | Lair:6   | Noticed a dire elephant
  7212 | Lair:6   | Noticed a dire elephant
  7221 | Lair:6   | Noticed a dire elephant
  7246 | Lair:6   | Killed from afar by edsrzf's ghost

Vault maps used:
D:1:      dpeg_arrival_short_road, minmay_tripent
D:2:      overflow_temple_1_default, first_bread, kennysheep_generic_room_13
D:3:      nemelex_dance_club_becter, uniq_natasha
D:4:      grunt_temple_overflow_holy_war, lemuel_doored_altar, uniq_sigmund
D:5:      serial_shops, shop, minmay_misc_feat_four_crosses,
          hangedman_decor_diamond_cutter
D:6:      serial_shops, nicolae_shop_temple_entry_statues_fountains,
          minmay_gold_behind_fungi, grunt_qazlal_sundering
D:8:      lemuel_crystal_altar, lemuel_coloured_pillars_altar,
          grunt_lair_entry_orc_guard_hut
Temple:   regret_index_temple_sphere_string
Lair:1:   beast_lair_carwin_10, grunt_megastairs_5
Lair:2:   minmay_shoals_entry_beasts, guppyfry_snake_entry_island,
          beast_lair_carwin_9, infiniplex_staircase_pool_2
Lair:3:   grunt_forest_large_clearing_hut
Lair:4:   grunt_megastairs_4, bh_autumn_forest_stairs, uniq_urug, uniq_josephine
Lair:5:   dpeg_slime_entry_enclosed_altar, minivault_24, serial_bayou_pond_a,
          roderic_lost_polar_bear
Lair:6:   due_jungle_book, serial_bayou_pond_e, infiniplex_staircase_pool,
          grunt_megastairs_2

Skill      XL: |  1  2  3  4  5  6  7  8  9 10 11 12 |
---------------+-------------------------------------+-----
Spellcasting   | 3 4 5 7 9 |  9.8
Stealth        | 5 6 7 8 10 11 13 15 16 | 16.2
Hexes          | 4 5 6 7 8 |  8.3
Short Blades   | 2 3 4 5 7 8 10 | 10.9
Dodging        | 4 5 6 7 8 11 14 | 14.2
Fighting       | 1 2 3 |  3.5
Evocations     | 1 |  1.5
Air Magic      | 3 |  3.3
Conjurations   | 3 |  3.2
Fire Magic     | 2 |  2.3
Ice Magic      | |  0.7
Poison Magic   | |  0.4

Action                   |  1- 3 |  4- 6 |  7- 9 | 10-12 || total
-------------------------+-------+-------+-------+-------++-------
Melee: Dagger            |    84 |    92 |   177 |   411 ||   764
 Cast: Corona            |     3 |       |       |     1 ||     4
       Ensorcelled Hiber |     9 |    14 |    32 |    65 ||   120
       Confuse           |       |     4 |    19 |    28 ||    51
       Dazzling Spray    |       |       |       |    41 ||    41
       Conjure Flame     |       |       |       |    13 ||    13
       Mephitic Cloud    |       |       |       |     2 ||     2
       Repel Missiles    |       |       |       |     1 ||     1
Invok: Curse Item        |       |       |       |     2 ||     2
Evoke: Wand              |       |       |     7 |     4 ||    11
  Use: Scroll            |       |     5 |     1 |     5 ||    11
       Potion            |       |       |     1 |     3 ||     4
 Stab: Sleeping          |    30 |    14 |    22 |    66 ||   132
       Confused          |       |     3 |    12 |    10 ||    25
       Invisible         |       |       |       |    19 ||    19
  Eat: Pizza             |       |     1 |       |     1 ||     2
       Royal jelly       |       |       |     1 |       ||     1
       Fruit             |       |       |       |     3 ||     3
Armor: Robe              |     6 |     5 |    16 |     8 ||    35
Dodge: Dodged            |    43 |    54 |   165 |   215 ||   477
       Deflected         |       |       |       |     1 ||     1
